 Dungeon Crawl Stone Soup version 0.28-a0-1087-gf3fc490d9d (webtiles) character file.

Game seed: 14725950883150807220

1417 avis the Cleaver (level 8, 0/68 HPs)
             Began as a Hill Orc Monk on Dec 11, 2021.
             Was a Believer of Beogh.
             Slain by an orc warrior (2 damage)
             ... on level 7 of the Dungeon.
             The game lasted 00:38:31 (10552 turns).

avis the Cleaver (Hill Orc Monk)                   Turns: 10552, Time: 00:38:33

Health: 0/68       AC:  8    Str: 16    XL:     8   Next: 71%
Magic:  10/10      EV:  7    Int: 10    God:    Beogh [**....]
Gold:   383        SH:  0    Dex: 13    Spells: 7/7 levels left

rFire   . . .      SeeInvis .   a - +0 hand axe
rCold   . . .      Faith    .   (no shield)
rNeg    + . .      Spirit   .   y - +0 chain mail
rPois   .          Reflect  .   (no helmet)
rElec   .          Harm     .   (no cloak)
rCorr   .          Rampage  .   (no gloves)
Will    .....                   (no boots)
Stlth   ..........              (no amulet)
HPRegen 0.21/turn               j - ring of positive energy
MPRegen 0.12/turn               s - ring of flight

@: flying
A: no striking features
a: Renounce Religion, Smiting


You were on level 7 of the Dungeon.
You worshipped Beogh.
Beogh was pleased with you.
You visited 2 branches of the dungeon, and saw 8 of its levels.

You collected 383 gold pieces.

Inventory:

Hand Weapons
 a - a +0 hand axe (weapon)
 b - a +0 hunting sling
 c - a +0 spear
 g - a +0 glaive
 h - a +0 mace of protection
 k - a +3 whip
 q - a +0 spear
 r - a +2 shortbow of freezing
 w - a +2 great mace of holy wrath
 z - a +0 spear
 E - a +0 trident
 I - a +0 spear
Missiles
 d - 16 bolts
 f - 165 stones
 p - 5 sling bullets
 B - 35 poisoned darts (quivered)
 C - 56 arrows
 D - 2 boomerangs
Armour
 y - a +0 chain mail (worn)
 F - a +0 chain mail
 G - a +0 buckler
Jewellery
 j - a ring of positive energy (left hand)
 m - an amulet of magic regeneration
 s - a ring of flight (right hand)
Wands
 x - a wand of flame (43)
 H - a wand of iceblast (10)
 K - a wand of polymorph (5)
Scrolls
 e - a scroll of summoning {unknown}
 i - 2 scrolls of fear {unknown}
 l - 2 scrolls of enchant weapon {unknown}
 n - 2 scrolls of magic mapping {unknown}
 o - 2 scrolls of silence {unknown}
 u - 2 scrolls of fog {unknown}
Potions
 t - a potion of resistance
 v - a potion of attraction {unknown}
 A - a potion of invisibility
 J - a potion of haste


   Skills:
 - Level 5.0 Fighting
 * Level 11.8 Axes
 * Level 4.4 Dodging
 - Level 1.5 Stealth
 - Level 3.0 Invocations


You had 7 spell levels left.
You didn't know any spells.
Your spell library contained the following spells:

 Spells                   Type           Power      Damage    Failure   Level
 Beastly Appendage        Tmut           0%         N/A       100%        1
 Ensorcelled Hibernation  Hex/Ice        0%         N/A       100%        2
 Wereblood                Tmut           0%         N/A       100%        2
 Conjure Flame            Conj/Fire      0%         6-21      100%        3
 Ignite Poison            Fire/Tmut/Pois 0%         N/A       100%        3
 Spider Form              Tmut/Pois      0%         N/A       100%        3
 Olgreb's Toxic Radiance  Pois           0%         N/A       100%        4
 Sticky Flame             Conj/Fire      0%         2d3       100%        4
 Ozocubu's Refrigeration  Ice            0%         4d5       100%        7
 Ignition                 Fire           0%         3d3       100%        8


Dungeon Overview and Level Annotations

Branches:
Dungeon (7/15)             Temple (1/1) D:4

Altars:
Ashenzari
Cheibriados
Dithmenos
Elyvilon
Fedhas
Hepliaklqana
Kikubaaqudgha
Makhleb
Nemelex Xobeh
Okawaru
Qazlal
Ru
Sif Muna
Trog
Uskayaw
Vehumet
Yredelemnul
Zin
The Shining One

Shops:
D:3 [


Message History

You hit the orc warrior but do no damage.
The orc warrior is moderately wounded.
The orc warrior hits you with a +0 short sword.
You hit the orc warrior.
The orc warrior is moderately wounded.
You hit the orc warrior but do no damage.
The orc warrior is moderately wounded.
The orc warrior hits you with a +0 short sword!
You slash the orc warrior!
The orc warrior is severely wounded.
The orc warrior hits you but does no damage.
You closely miss the orc warrior.
The orc warrior is severely wounded.
You hit the orc warrior but do no damage.
The orc warrior is severely wounded.
The orc warrior hits you with a +0 short sword!
You hit the orc warrior but do no damage.
The orc warrior is severely wounded.
The orc warrior hits you with a +0 short sword.
You closely miss the orc warrior.
The orc warrior is severely wounded.
The orc warrior hits you with a +0 short sword!
* * * LOW HITPOINT WARNING * * *
You hit the orc warrior but do no damage.
The orc warrior is severely wounded.
You barely miss the orc warrior.
The orc warrior is severely wounded.
The orc warrior hits you with a +0 short sword!
* * * LOW HITPOINT WARNING * * *
You hit the orc warrior.
The orc warrior is severely wounded.
The orc warrior hits you with a +0 short sword!
* * * LOW HITPOINT WARNING * * *
You hit the orc warrior but do no damage.
The orc warrior is severely wounded.
You hit the orc warrior.
The orc warrior is severely wounded.
The orc warrior hits you with a +0 short sword.
You die...
Beogh appreciates the orc warrior's killing of a heretic priest.

...### ##_##
.....###########
###...........# #
###.........# . #
###.......## ..
##.......## #...
#.........###...#
#
#..#####.......#
### #..##
##.@o...#
..###...
#..#)...#
.......#
#...##.)..#
......# #..##
##(.( ..... #..#
.. ..... #..# .
..... ..## ##...
#.. ..


You could see an orc warrior.

Vanquished Creatures
  2 black bears
  An ice beast (D:7)
  A centaur (D:7)
  A wyvern zombie (D:6)
  A water moccasin skeleton (D:5)
  4 electric eels (D:7)
  A centaur zombie (D:5)
  A bullfrog zombie (D:6)
  2 hounds
  An orc priest (D:7)
  2 gnoll shamans
  2 jellies
  A centaur skeleton (D:7)
  2 iguanas
  3 orc wizards
  2 howler monkey zombies
  14 gnolls
  A howler monkey skeleton (D:7)
  7 adders
  A shadow imp (D:6)
  A white imp (D:5)
  3 worms
  14 dart slugs
  12 orcs
  4 bats
  4 endoplasms
  3 giant cockroaches
  12 goblins
  10 hobgoblins
  A quokka (D:3)
  5 ball pythons
  7 frilled lizards
  5 kobolds
  A quokka skeleton (D:4)
  6 rats
  A butterfly (D:4)
139 creatures vanquished.

Notes
Turn   | Place    | Note
-------+----------+-------------------------------------------
     0 | D:1      | avis the Hill Orc Monk began the quest for the Orb.
     0 | D:1      | Reached XP level 1. HP: 19/19 MP: 1/1
   315 | D:1      | Reached XP level 2. HP: 23/26 MP: 2/2
   412 | D:1      | Reached skill level 5 in Axes
   852 | D:2      | Reached XP level 3. HP: 25/27 MP: 3/3
  1243 | D:2      | Found a glowing silver altar of Zin.
  1393 | D:2      | Reached skill level 6 in Axes
  1652 | D:2      | Reached XP level 4. HP: 35/39 MP: 4/4
  2100 | D:3      | Found Cyirul's Armour Boutique.
  2277 | D:3      | Reached skill level 7 in Axes
  2290 | D:3      | Reached XP level 5. HP: 37/45 MP: 5/5
  2957 | D:4      | Reached skill level 8 in Axes
  3199 | D:4      | Found a hazy altar of Hepliaklqana.
  3300 | D:4      | Reached XP level 6. HP: 34/52 MP: 6/6
  3518 | D:4      | Found a staircase to the Ecumenical Temple.
  3560 | D:4      | HP: 2/53 [gnoll (6)]
  3889 | Temple   | Entered the Ecumenical Temple
  4348 | D:5      | Entered Level 5 of the Dungeon
  4596 | D:4      | Became a worshipper of Beogh the Brigand
  4596 | D:4      | Reached * piety under Beogh
  4596 | D:4      | Reached ** piety under Beogh
  4718 | D:5      | Found a bloodstained altar of Trog.
  4781 | D:5      | Reached skill level 5 in Fighting
  4918 | D:5      | Reached skill level 9 in Axes
  4918 | D:5      | Reached skill level 1 in Invocations
  5259 | D:5      | Reached XP level 7. HP: 61/61 MP: 6/8
  6823 | D:6      | Found an ancient bone altar of Kikubaaqudgha.
  6828 | D:6      | Found a burning altar of Makhleb.
  6831 | D:6      | Found a radiant altar of Vehumet.
  6867 | D:6      | Reached skill level 10 in Axes
  7984 | D:7      | Reached XP level 8. HP: 19/68 MP: 10/10
  8489 | D:7      | HP: 3/68 [gnoll shaman (5)]
  8802 | D:7      | Reached skill level 11 in Axes
 10510 | D:7      | Found a snail-covered altar of Cheibriados.
 10550 | D:7      | HP: 2/68 [orc warrior (7)]
 10552 | D:7      | Slain by an orc warrior

Illustrated notes

Levels and vault maps discovered:
D:1:      matt_arrival_spirals, layout_rooms
D:2:      cheibrodos_greedy_goblins, layout_basic, basic_altar
D:3:      layout_loops_ring, serial_shops,
          nicolae_shop_competitors_out_of_business
D:4:      layout_rooms, nicolae_hepliaklqana_hippocampus,
          minmay_temple_entry_butterflies
D:5:      layout_gridville, lemuel_doored_altar
D:6:      layout_loops_ring, grunt_temple_overflow_diamond,
          kennysheep_cluttered_room, hangedman_decor_push
D:7:      kennysheep_slugbush, layout_layer_cave, nicolae_overflow_hidden_temple
Temple:   hc_temple_tempest_star

Skill      XL: |  1  2  3  4  5  6  7  8 |
---------------+-------------------------+-----
Axes           | 5 6 7 8 9 10 11 | 11.8
Fighting       | 4 5 |  5.0
Invocations    | 1 3 |  3.0
Dodging        | 3 4 |  4.4
Stealth        | |  1.5

Action                   |  1- 3 |  4- 6 |  7- 9 || total
-------------------------+-------+-------+-------++-------
Melee: Hand axe          |   106 |   179 |   188 ||   473
       Great mace        |       |     2 |    10 ||    12
 Fire: Hunting sling     |    21 |    52 |    11 ||    84
       Shortbow          |       |       |    77 ||    77
Throw: Dart              |       |    31 |     5 ||    36
Invok: Convert to Beogh  |       |     1 |       ||     1
Evoke: Wand              |       |       |     4 ||     4
  Use: Scroll            |       |     4 |     2 ||     6
       Potion            |       |       |     3 ||     3
 Stab: Sleeping          |     2 |       |       ||     2
Armor: Ring mail         |    16 |       |       ||    16
       Scale mail        |     7 |    15 |       ||    22
       Chain mail        |       |    67 |    89 ||   156
Dodge: Dodged            |    48 |    56 |    62 ||   166

Table legend: (Time is in decaauts)
 A = Elapsed time spent in this place.
 B = Non-inter-level travel time spent in this place.
 C = Inter-level travel time spent in this place.
 D = Time resting spent in this place.
 E = Time spent auto-exploring this place.
 F = Levels seen in this place.
 G = Mean time per level.
                   A        B        C        D        E       F      G
               +--------+--------+--------+--------+--------+-----+--------+
         Total |  10505 |   9780 |    725 |   4658 |   2945 |   8 | 1313.1 |
       Dungeon |  10231 |   9517 |    714 |   4506 |   2863 |   7 | 1461.6 |
        Temple |    273 |    262 |     11 |    152 |     82 |   1 |  273.0 |
               +--------+--------+--------+--------+--------+-----+--------+

Top non-repeatable levels by time:
     D:7: 2565 daAuts
     D:6: 1783 daAuts
     D:5: 1507 daAuts
     D:3: 1237 daAuts
     D:2: 1149 daAuts
     D:4: 1040 daAuts
     D:1: 948 daAuts
  Temple: 273 daAuts
